 Dungeon Crawl Stone Soup version 0.31-a0-986-g5e6e4ef867 (webtiles) character file.

Game seed: 1380292541776624243

21821 Forgeling the Grappler (level 12, -3/123 HPs)
             Began as a Troll Shapeshifter on Nov 14, 2023.
             Was an Elder of Nemelex Xobeh.
             Slain by a komodo dragon (20 damage)
             ... on level 1 of the Lair of Beasts.
             The game lasted 00:28:39 (11292 turns).

Forgeling the Grappler (Troll Shapeshifter)        Turns: 11292, Time: 00:28:40

Health: -3/123     AC:  4    Str: 33    XL:     12   Next: 57%
Magic:  10/17      EV: 14    Int:  6    God:    Nemelex Xobeh [****..]
Gold:   1428       SH:  0    Dex: 11    Spells: 11/11 levels left

rFire   . .          .
                       - Unarmed
rCold   . . .        (shield currently unavailable)
rNeg    . . .        a - +0 animal skin
rPois   .            (helmet restricted)
rElec   .            K - scarf {repulsion}
rCorr   .            (gloves unavailable)
SInv    .            (boots unavailable)
Will    .....        g - amulet of regeneration
Stlth   +            h - +5 ring of evasion
HPRegen 2.00/turn    l - +6 ring of strength
MPRegen 0.15/turn

%: repel missiles
@: flux-form, glowing
A: glow, contaminating, large, unfitting armour, claws 3, regeneration 1, shaggy
fur 1, tough skin 1
a: Begin Untransformation, Renounce Religion, Draw Escape, Draw Destruction,
Draw Summoning, Triple Draw, Deal Four


You were on level 1 of the Lair of Beasts.
You worshipped Nemelex Xobeh.
Nemelex Xobeh was greatly pleased with you.
You were something dangerously unstable.
You visited 3 branches of the dungeon, and saw 14 of its levels.
You also visited: Bailey.

You collected 1428 gold pieces.

Inventory:

Missiles
 s - 11 boomerangs (quivered)
 t - 13 poisoned darts
 u - 2 throwing nets
 w - 25 javelins
 M - 8 large rocks
 P - 5 curare-tipped darts
Armour
 a - a +0 animal skin (worn)
 K - a scarf of repulsion (worn)
Jewellery
 f - a ring of poison resistance
 g - an amulet of regeneration (around neck)
 h - a +5 ring of evasion (left claw)
 l - a +6 ring of strength (right claw)
Talismans
 d - a flux talisman (active)
 p - a serpent talisman
 L - a maw talisman
Wands
 e - a wand of charming (2)
 i - a wand of iceblast (10)
 j - a wand of polymorph (7)
 q - a wand of flame (21)
 y - a wand of mindburst (2)
Scrolls
 c - 3 scrolls of noise
 k - 3 scrolls of amnesia {unknown}
 m - 5 scrolls of teleportation {unknown}
 n - 3 scrolls of immolation {unknown}
 v - 2 scrolls of blinking {unknown}
 z - 3 scrolls of enchant armour
 E - 5 scrolls of fear
 F - a scroll of fog
 O - a scroll of enchant weapon {unknown}
 V - 2 scrolls of vulnerability
Potions
 x - 2 potions of might {unknown}
 A - 2 potions of attraction
 B - 2 potions of brilliance
 C - 2 potions of cancellation
 D - 2 potions of degeneration {unknown}
 G - a potion of ambrosia
 H - a potion of haste
 I - a potion of invisibility {unknown}
 J - 3 potions of curing {@q1}
 N - 4 potions of heal wounds {@q2}
 Q - 2 potions of magic
 R - a potion of resistance
 T - 4 potions of berserk rage
 W - a potion of lignification
Miscellaneous
 r - a phial of floods


   Skills:
 - Level 9.0 Fighting
 * Level 3.4 Throwing
 - Level 1.5 Dodging
 - Level 14.0 Unarmed Combat
 - Level 8.0 Invocations
 - Level 3.0 Evocations
 - Level 7.0 Shapeshifting


You had 11 spell levels left.
You didn't know any spells.
Your spell library contained the following spells:

 Spells                   Type           Power      Damage    Failure   Level
 Apportation              Tloc           0%         N/A       45%         1
 Foxfire                  Conj/Fire      0%         2x1d4     45%         1
 Necrotise                Necr           0%         1d4       45%         1
 Slow                     Hex            0%         N/A       45%         1
 Summon Small Mammal      Summ           0%         N/A       45%         1
 Ensorcelled Hibernation  Hex/Ice        0%         N/A       58%         2
 Passwall                 Tmut/Erth      0%         N/A       58%         2
 Static Discharge         Conj/Air       0%         3-3/arc   58%         2
 Confusing Touch          Hex            0%         N/A       83%         3
 Sigil of Binding         Hex            0%         N/A       83%         3
 Swiftness                Air            0%         N/A       83%         3
 Tukima's Dance           Hex            0%         N/A       83%         3
 Vampiric Draining        Necr           0%         2d6       83%         3
 Airstrike                Air            0%         2d(0-16)  99%         4
 Passage of Golubria      Tloc           0%         N/A       99%         4
 Summon Lightning Spire   Summ/Air       0%         N/A       99%         4
 Yara's Violent Unravell  Hex/Tmut       0%         3d3       100%        5
 Plasma Beam              Fire/Air       0%         2x1d10    100%        6
 Starburst                Conj/Fire      0%         6d3       100%        6


Dungeon Overview and Level Annotations

Branches:
Dungeon (12/15)            Temple (1/1) D:6            Lair (1/5) D:10
    Orc (0/2) D:10         Bailey (visited)

Altars:
Ashenzari
Cheibriados
Dithmenos
Elyvilon
Fedhas
Gozag
Hepliaklqana
Kikubaaqudgha
Makhleb
Nemelex Xobeh
Okawaru
Qazlal
Ru
Sif Muna
Trog
Uskayaw
Vehumet
Wu Jian
Xom
Yredelemnul
Zin
The Shining One

Shops:
D:8 :

Annotations:
D:9 exclusion: orange crystal statue


Innate Abilities, Weirdness & Mutations

You are something dangerously unstable.
You glow with magical radiation, making you easy to see and hit.
Foes you strike become dangerously contaminated with magical radiation.
You are incapable of wielding weapons or throwing items.
You are too large for most types of armour.
You have claws for hands.
Your natural rate of healing is unusually fast.
You are covered in fur. (AC +1)
You have tough skin. (AC +1)


Message History

* * * LOW HITPOINT WARNING * * *
You deal a card...
You have dealt Wild Magic.
The blink frog's body glows momentarily.
The blink frog seems to slow down.
The blink frog looks incredibly sick!!
The blink frog is poisoned.
You kill the blink frog!
The wind whips around the komodo dragon.
The blink frog emits a flash of light.
The yak is caught in an explosion of flying shrapnel.
The water moccasin looks incredibly listless!!
The water moccasin is drained!
The steam dragon looks sleepy for a second.
The steam dragon seems to slow down.
You feel a surge of magic.
You deal a card...
You have dealt Vitriol.
Press: ? - help, Shift-Dir - straight line, f - water moccasin
Aim: a water moccasin (almost dead, lightly drained)
The glob of acid hits the blink frog!!!
The acid corrodes the blink frog!
You kill the blink frog!
You deal a card...
You have dealt Vitriol.
Press: ? - help, Shift-Dir - straight line, f - komodo dragon, p - water moccasin
Aim: a komodo dragon (lightly wounded)
The bolt of acid hits the komodo dragon!
The acid corrodes the komodo dragon!
The komodo dragon is heavily wounded.
You deal a card...
You have dealt Wild Magic.
Rocks fall onto the komodo dragon out of nowhere.
There is a strange surge of energy around the blink frog.
The blink frog twists and deforms.
The yak is caught in a fiery explosion!
The water moccasin is caught in an explosion of ice and frost.
You kill the water moccasin!
The steam dragon is caught in an explosion of flying shrapnel.
You feel a surge of magic. The blink frog hits you.
* * * LOW HITPOINT WARNING * * *
The blink frog hits you!
* * * LOW HITPOINT WARNING * * *
The komodo dragon bites you!!
You die...
Your body disappears without additional glow.

##....#.#.......
#.....#....##†.. .
##........#####.#
..## ##.........# ###
#..###..........##
#...##.........P#
#....####.....## ....
#.F..# ##......#
....# ###p##
#.#.....# #...## #lY#
####....# #.....
##..## ######
#....####....#
.##.....##..D..#
.........+.....##
..8.....8#......##
.....)..†........#
.###...###....##....#


You could see a komodo dragon (corroded), a yak, a blink frog (misshapen) and a
steam dragon (slow).

Vanquished Creatures
  An ogre mage (D:10)
  A centaur warrior (D:12)
  A catoblepas (Lair:1)
  A boulder beetle (Lair:1)
  4 two-headed ogres
  A skeletal warrior (D:12)
  A steelbarb worm (shapeshifter) (D:12)
  2 ugly things
  A deep elf pyromancer (D:12)
  2 cyclopes (D:12)
  2 gargoyles
  An unseen horror (D:12)
  2 komodo dragons
  A polar bear (Lair:1)
  A hornet (D:10)
  4 blink frogs (Lair:1)
  Sigmund (D:2)
  3 wraiths
  A shadow (D:10)
  A wyvern (D:9)
  25 yaks
  A vampire (D:11)
  9 vampire mosquitoes
  A steam dragon (D:7)
  An acid dragon (D:9)
  A sky beast (D:6)
  3 water moccasins
  A black bear (D:10)
  14 orc warriors
  3 ice beasts
  An ogre (D:6)
  16 centaurs
  A phantom (D:4)
  8 bullfrogs
  A gnoll sergeant (D:7)
  5 scorpions
  10 killer bees
  3 electric eels
  2 howler monkeys (D:8)
  2 jellies
  4 hounds
  3 gnoll boudas
  4 orc priests
  A sleepcap (D:8)
  Terence (D:2)
  3 iguanas
  Natasha (thrice) (D:3)
  8 orc wizards
  Robin (D:2)
  6 adders
  19 gnolls
  2 worms
  5 dart slugs
  48 orcs
  9 endoplasms
  14 goblins
  11 hobgoblins
  2 jackals (D:3)
  5 quokkas
  6 ball pythons
  7 bats
  2 frilled lizards
  9 kobolds
  6 rats
319 creatures vanquished.

Vanquished Creatures (collateral kills)
  A centaur (D:11)
  An orc wizard (D:11)
  2 orcs (D:11)
4 creatures vanquished.

Grand Total: 323 creatures vanquished

Notes
Turn   | Place    | Note
-------+----------+-------------------------------------------
     0 | D:1      | Forgeling the Troll Shapeshifter began the quest for the
                  | Orb.
     0 | D:1      | Reached XP level 1. HP: 18/18 MP: 0/0
   109 | D:1      | Reached XP level 2. HP: 26/26 MP: 1/1
   232 | D:1      | Found a faded altar of an unknown god.
   327 | D:1      | Reached skill level 4 in Unarmed Combat
   452 | D:1      | Reached XP level 3. HP: 31/32 MP: 2/2
   659 | D:2      | Noticed Terence
   708 | D:2      | Killed Terence
   718 | D:2      | Reached XP level 4. HP: 40/40 MP: 3/3
   750 | D:2      | Reached skill level 5 in Unarmed Combat
   840 | D:2      | Noticed Sigmund
   850 | D:2      | Killed Sigmund
   851 | D:2      | Reached skill level 6 in Unarmed Combat
   851 | D:2      | Reached XP level 5. HP: 46/46 MP: 4/4
   902 | D:2      | Noticed Robin
   930 | D:2      | Killed Robin
  1020 | D:2      | Reached XP level 6. HP: 54/54 MP: 5/5
  1372 | D:3      | Noticed Natasha
  1381 | D:3      | Killed Natasha
  1424 | D:3      | Reached skill level 7 in Unarmed Combat
  1443 | D:3      | Found a large runed translucent door.
  1444 | D:3      | Found a large runed translucent door.
  1888 | D:3      | Noticed Natasha
  1903 | D:3      | Killed Natasha
  2115 | D:3      | Found a radiant altar of Vehumet.
  2123 | D:3      | Found a shimmering blue altar of Sif Muna.
  2137 | D:3      | Noticed Natasha
  2145 | D:3      | Killed Natasha
  2385 | D:4      | Reached skill level 8 in Unarmed Combat
  2385 | D:4      | Reached skill level 1 in Fighting
  2385 | D:4      | Reached XP level 7. HP: 54/62 MP: 6/6
  3353 | D:5      | Entered Level 5 of the Dungeon
  3683 | D:5      | Reached XP level 8. HP: 54/75 MP: 7/7
  3916 | D:6      | Reached skill level 9 in Unarmed Combat
  4106 | D:6      | Found a staircase to the Ecumenical Temple.
  4117 | Temple   | Entered the Ecumenical Temple
  4124 | Temple   | Became a worshipper of Nemelex Xobeh the Trickster
  4159 | D:6      | Reached skill level 10 in Unarmed Combat
  4350 | D:6      | Reached skill level 1 in Invocations
  4889 | D:7      | Reached XP level 9. HP: 79/84 MP: 11/11
  4998 | D:7      | Reached * piety under Nemelex Xobeh
  5110 | D:7      | Reached skill level 5 in Invocations
  5836 | D:8      | Reached skill level 5 in Shapeshifting
  5939 | D:8      | Noticed a gargoyle
  5946 | D:8      | Killed a gargoyle
  6125 | D:8      | Found Yghif's Tiny Tomes.
  6126 | D:8      | Noticed a brown ugly thing
  6170 | D:9      | Received a gift from Nemelex Xobeh
  6361 | D:9      | Noticed an orange crystal statue
  6386 | D:9      | Identified the +8 sling of Ambiguity {elec, Fragile Str+6}
  6450 | D:9      | Reached XP level 10. HP: 91/94 MP: 12/12
  6477 | D:9      | Reached skill level 5 in Fighting
  6525 | D:10     | Entered Level 10 of the Dungeon
  6525 | D:10     | Reached ** piety under Nemelex Xobeh
  6607 | D:9      | Reached skill level 11 in Unarmed Combat
  6670 | D:9      | Found an iron altar of Okawaru.
  6737 | D:9      | Found a flagged portal.
  6754 | Bailey   | Entered a bailey
  7041 | Bailey   | Reached skill level 12 in Unarmed Combat
  7532 | D:9      | Acquired 749 gold pieces
  7761 | D:10     | Found a staircase to the Orcish Mines.
  7764 | D:10     | Reached XP level 11. HP: 98/105 MP: 15/15
  7798 | D:10     | Received a gift from Nemelex Xobeh
  7844 | D:10     | Noticed a two-headed ogre
  7848 | D:10     | Killed a two-headed ogre
  8123 | D:10     | Noticed a two-headed ogre
  8125 | D:10     | Noticed an ogre mage
  8131 | D:10     | Killed an ogre mage
  8138 | D:10     | Killed a two-headed ogre
  8198 | D:10     | Found a shimmering altar of Xom.
  8198 | D:10     | Received a gift from Nemelex Xobeh
  8261 | D:10     | Noticed a purple ugly thing
  8349 | D:11     | Noticed a white ugly thing
  8729 | D:10     | Killed a white ugly thing
  8810 | D:10     | Found a staircase to the Lair.
  8831 | D:10     | Reached skill level 1 in Evocations
  8944 | D:10     | Reached *** piety under Nemelex Xobeh
  9061 | D:10     | Found a basalt altar of Yredelemnul.
  9174 | D:11     | Killed a white ugly thing
  9184 | D:11     | Received a gift from Nemelex Xobeh
  9280 | D:11     | Noticed a two-headed ogre
  9292 | D:11     | Killed a two-headed ogre
  9835 | D:11     | Reached **** piety under Nemelex Xobeh
 10087 | D:11     | Received a gift from Nemelex Xobeh
 10370 | D:12     | Noticed a deep elf pyromancer
 10404 | D:12     | Killed a deep elf pyromancer
 10526 | D:12     | Noticed a skeletal warrior
 10533 | D:12     | Reached XP level 12. HP: 120/122 MP: 17/17
 10591 | D:12     | Noticed a two-headed ogre
 10600 | D:12     | Killed a two-headed ogre
 10601 | D:12     | Reached skill level 13 in Unarmed Combat
 10638 | D:12     | Noticed a centaur warrior
 10650 | D:12     | Killed a centaur warrior
 10795 | D:12     | Found a shimmering altar of Xom.
 10796 | D:12     | Found a shimmering altar of Xom.
 10806 | D:12     | Found a shimmering altar of Xom.
 11052 | Lair:1   | Entered Level 1 of the Lair of Beasts
 11054 | Lair:1   | Noticed a catoblepas
 11068 | Lair:1   | Killed a catoblepas
 11069 | Lair:1   | Reached skill level 1 in Throwing
 11107 | Lair:1   | Received a gift from Nemelex Xobeh
 11228 | Lair:1   | Noticed a boulder beetle
 11243 | Lair:1   | Killed a boulder beetle
 11265 | Lair:1   | Reached skill level 14 in Unarmed Combat
 11292 | Lair:1   | Slain by a komodo dragon

Illustrated notes

Levels and vault maps discovered:
D:1:      ldierk_walled_garden, layout_loops_ring,
          chequers_ecumenical_altar_simple_redux
D:2:      layout_loops_cross, reono_crystal_passage, st_stairs_8, uniq_sigmund,
          uniq_robin, uniq_terence
D:3:      layout_basic, jmf_multi_god_temple2, uniq_crazy_yiuf_cottage,
          uniq_natasha
D:4:      layout_layer_cave
D:5:      layout_basic
D:6:      layout_basic, minmay_temple_entry_large_hall, fountainhead,
          kennysheep_small_square
D:7:      layout_basic, serial_bayou_lagoon_a, minmay_hedge_maze,
          kennysheep_generic_room_10
D:8:      layout_loops_ring, nicolae_shop_i_like_small_books_too,
          chequers_serial_rivers_micro_c
D:9:      layout_basic, okawaru_ov_weapons_minmay, enter_bailey_4,
          minmay_statue_bubble
D:10:     layout_loops_corners, lemuel_doored_altar,
          grunt_lair_entry_orc_guard_hut, david_orc_2, minmay_ruined_shrine
D:11:     layout_grid_maze
D:12:     minmay_curly_fans, layout_cave_pools, xom_redecorated
Temple:   nicolae_temple_no_exploring_needed
Lair:1:   layout_cave_pods, grunt_megastairs_5

Skill      XL: |  1  2  3  4  5  6  7  8  9 10 11 12 |
---------------+-------------------------------------+-----
Unarmed Combat | 4 6 8 10 12 14 | 14.0
Fighting       | 1 3 4 6 8 9 |  9.0
Invocations    | 4 5 6 8 |  8.0
Shapeshifting  | 7 |  7.0
Evocations     | 3 |  3.0
Throwing       | 3 |  3.4
Dodging        | |  1.5

Action                     |  1- 3 |  4- 6 |  7- 9 | 10-12 || total
---------------------------+-------+-------+-------+-------++-------
  Melee: Unarmed           |    57 |   113 |   245 |   297 ||   712
         Punch             |     1 |       |     9 |     5 ||    15
   Fire: Sling             |       |       |       |   201 ||   201
  Throw: Boomerang         |       |       |     1 |       ||     1
         Javelin           |       |       |       |     3 ||     3
         Dart              |       |       |       |     1 ||     1
 Invoke: Draw Destruction  |       |       |       |    18 ||    18
         Draw Escape       |       |       |       |     2 ||     2
         Draw Summoning    |       |       |       |     2 ||     2
         Deal Four         |       |       |       |     1 ||     1
  Evoke: Wand              |       |       |     4 |       ||     4
    Use: Scroll            |     4 |     3 |     8 |     5 ||    20
         Potion            |       |     1 |       |       ||     1
   Stab: Sleeping          |       |       |     2 |       ||     2
 Armour: Animal skin       |    36 |    39 |   154 |   279 ||   508
  Dodge: Dodged            |    26 |    55 |   152 |   279 ||   512
         Form:             |       |       |       |     1 ||     1
         Beast             |       |       |       |     1 ||     1
         Flux              |       |       |       |     1 ||     1

Table legend: (Time is in decaauts)
 A = Elapsed time spent in this place.
 B = Non-inter-level travel time spent in this place.
 C = Inter-level travel time spent in this place.
 D = Time resting spent in this place.
 E = Time spent auto-exploring this place.
 F = Levels seen in this place.
 G = Mean time per level.
                   A        B        C        D        E       F      G
               +--------+--------+--------+--------+--------+-----+--------+
         Total |  11253 |  10740 |    513 |     96 |   7860 |  15 |  750.2 |
       Dungeon |  10173 |   9674 |    499 |     79 |   7407 |  12 |  847.8 |
        Temple |     14 |      1 |     13 |      0 |      0 |   1 |   14.0 |
          Lair |    225 |    225 |      0 |      0 |    114 |   1 |  225.0 |
        Bailey |    839 |    839 |      0 |     17 |    339 |   1 |  839.0 |
               +--------+--------+--------+--------+--------+-----+--------+

Top non-repeatable levels by time:
     D:4: 1155 daAuts
    D:11: 1127 daAuts
    D:10: 1091 daAuts
     D:7: 1070 daAuts
     D:3: 843 daAuts
  Bailey: 839 daAuts
     D:9: 789 daAuts
     D:8: 784 daAuts
    D:12: 764 daAuts
     D:1: 686 daAuts
     D:6: 668 daAuts
     D:2: 643 daAuts
     D:5: 547 daAuts
  Lair:1: 225 daAuts
  Temple: 14 daAuts
